cohdb
Replays
Latest Replays
All Replays
Popular Replays
Top Player Replays
Match Explorer
How It Works
Community
CoH3 Stats
Reddit
Sign in to upload your games and track your stats! →
Sign in with Steam
Match 41544412
Unlisted
Match 41544412
Overview
Messages
Build Orders
End
Construct Section Command Post
Infantry Section
Dingo Light Scout Car
Infantry Section
Infantry Section
Construct Platoon Command Post
CMP 15cwt Truck
6-pounder Anti-tank Gun Team
Grenade Package
Royal Engineer Section
Construct Company Command Post
Selects Indian Artillery Battlegroup
ML 3-inch Mortar Team
Unlock M3 Grant Medium Tanks
6-pounder Anti-tank Gun Team
Royal Engineer Section
M3 Grant Medium Tank
Selects Valour
Selects Gurkha Rifles Section
Selects Volunteer Infantry
Gurkha Rifles Section
CMP 15cwt Truck
M3 Grant Medium Tank
M3 Grant Medium Tank
Selects Towed ML 4.2-inch Heavy Mortar
M3 Grant Medium Tank
Selects Off-map Airburst Barrage
Off-map Airburst Barrage
Hugh G Wrecktion
Take care of yourself
Obung
ma2sin
DaRtH VaDeRX2020
Rolling ThunderBuds
majintal excumuration
el campo
0
0
Comments
sign in to comment!
No comments posted yet!